 Dungeon Crawl Stone Soup version 0.18-a0-1347-gb9e2fb4 (webtiles) character file.

32 KINGKRU the Bolt Thrower (level 3, -1/22 HPs)
             Began as a Kobold Hunter on Feb 16, 2016.
             Was an Initiate of Dithmenos.
             Slain by Terence
             ... wielding a +2 mace of venom
              (3 damage)
             ... on level 2 of the Dungeon on Feb 17, 2016.
             The game lasted 00:09:52 (1055 turns).

KINGKRU the Bolt Thrower (Kobold Hunter)            Turns: 1055, Time: 00:09:52

Health: -1/22      AC:  3    Str: 10    XL:     3   Next: 45%
Magic:  3/3        EV: 15    Int:  9    God:    Dithmenos [......]
Gold:   84         SH:  0    Dex: 17    Spells: 0 memorised, 2 levels left

rFire  . . .     SeeInvis .     l - +0 spear (curse)
rCold  . . .     Gourm    .     c - +0 leather armour
rNeg   . . .     Faith    .     (shield restricted)
rPois  .         Spirit   .     (no helmet)
rElec  .         Dismiss  .     (no cloak)
rCorr  .         Reflect  .     (no gloves)
SustAt .         Harm     .     (no boots)
MR     .....                    (no amulet)
Stlth  ++........               (no ring)
                                (no ring)

@: lethally poisoned (-1 -> -6), not resistant to hostile enchantments,
unstealthy
A: carnivore 3
a: Renounce Religion


You were on level 2 of the Dungeon.
You worshipped Dithmenos.
Dithmenos was noncommittal.
You were not hungry.

You visited 1 branch of the dungeon, and saw 2 of its levels.

You collected 84 gold pieces.

Inventory:

Hand Weapons
 a - a +1 hand crossbow
 b - a +0 short sword
 l - a cursed +0 spear (weapon)
Missiles
 d - 7 bolts
Armour
 c - a +0 leather armour (worn)
Scrolls
 e - a scroll of teleportation {unknown}
 h - a scroll of identify {unknown}
 j - a scroll of fear {unknown}
 k - a scroll of noise {unknown}
 n - a scroll of recharging {unknown}
 o - a scroll of magic mapping {unknown}
Potions
 g - a potion of curing {unknown}
 i - a potion of resistance {unknown}
 m - a potion of might {unknown}
Comestibles
 f - a meat ration


   Skills:
 + Level 2.5 Fighting
 + Level 5.4 Crossbows
 - Level 0.1 Armour
 + Level 2.7 Dodging
 * Level 2.5 Stealth


You had 2 spell levels left.
You didn't know any spells.

Dungeon Overview and Level Annotations

Branches:
Dungeon (2/15)

Altars:
Dithmenos
Gozag

Annotations:
D:2 Terence


Innate Abilities, Weirdness & Mutations

You are small and have problems with some larger weapons.
You are carnivorous and can eat meat at any time.


Message History

You feel sick.
The giant newt bites you but does no damage.
You see here a goblin corpse.
You feel sick. Terence misses you.
You barely miss Terence.
You feel sick.
You closely miss Terence.
You feel sick. Terence hits you with a mace of venom.
* * * LOW HITPOINT WARNING * * *
You barely miss Terence. Terence misses you.
A jackal comes into view.
You barely miss Terence.
* * * LOW HITPOINT WARNING * * *
You feel sick.
The jackal moves out of view.
Terence barely misses you.
* * * LOW HITPOINT WARNING * * *
You feel sick. Terence closely misses you.
A jackal comes into view.
* * * LOW HITPOINT WARNING * * *
You feel sick.
A jackal comes into view.
Terence hits you with a mace of venom.
You die...

### #.. #
####.####.#
#.......#.#####
#.#......... #...†#
# # #.##.#.#
#.##.@l...#
#...@...###
####.#### #.h....#
######### #h##.#.#
#.......#
#.##.#.###.......#
#....h..##.......#
#.##.#..##..######
#.......##<.###_####
#.##....##..##.....#


You could see Terence, a jackal (wandering) and a giant newt.

Vanquished Creatures
  2 worms (D:2)
  A giant gecko (D:1)
  4 goblins
  5 hobgoblins
  2 jackals (D:2)
  2 bats (D:2)
  2 giant newts
  2 kobolds (D:1)
  5 rats
25 creatures vanquished.

Notes
Turn   | Place    | Note
--------------------------------------------------------------
     0 | D:1      | KINGKRU the Kobold Hunter began the quest for the Orb.
     0 | D:1      | Reached XP level 1. HP: 12/12 MP: 1/1
    56 | D:1      | Reached skill level 5 in Crossbows
    96 | D:1      | Reached XP level 2. HP: 8/18 MP: 2/2
   561 | D:1      | Upgraded the game from 0.18-a0-1346-g721e183 to 0.18-a0-1347-gb9e2fb4
   809 | D:2      | Reached XP level 3. HP: 22/22 MP: 3/3
   899 | D:2      | Found a shadowy altar of Dithmenos.
   912 | D:2      | Became a worshipper of Dithmenos the Shadowed
   916 | D:2      | Found an opulent altar of Gozag.
  1037 | D:2      | Noticed Terence
  1055 | D:2      | Slain by Terence

Vault maps used:
D:1:      dpeg_arrival_solitude
D:2:      minitemple, uniq_terence, uniq_robin

Action                   || total
-------------------------++-------
Melee: Spear             ||    14
 Fire: Hand crossbow     ||    61
